Map: Echo LE (Void)

Players

Bop - Winner!

  • Race: Zerg Zerg

Wiraqucha

  • Race: Protoss Protoss

VOD

Have the link to the VOD?

Description

Time

  • Played on: May 3, 2015, 6:36 a.m.
  • Length: 7:48
Show
View Real Time Build Order
Export as new Build Order

Bop Zerg - Winner!

Build Orders: Hatch First 

Get SALT Encoding   

  12  0:01  Drone  
  13  0:12  Overlord  
  13  0:18  Drone  
  14  0:31  Drone x2  
  14  0:34  Drone  
  17  0:54  Hatchery, Drone  
  17  0:59  Drone  
  18  1:08  Extractor  
  17  1:13  Spawning Pool  
  17  1:15  Drone  
  17  1:20  Drone  
  18  1:28  Drone  
  19  1:38  Drone  
  20  1:59  Queen  
  22  2:06  Queen  
  22  2:07  Overlord  
  22  2:08  Zergling x4  
  25  2:11  Metabolic Boost  
  25  2:15  Drone  
  27  2:19  Drone  
  28  2:25  Drone  
  29  2:31  Drone  
  29  2:35  Drone  
  31  2:41  Drone  
  31  2:42  Queen  
  33  2:52  Lair, Overlord  
  33  2:55  Zergling x4  
  34  3:04  Drone  
  35  3:08  Drone  
  35  3:12  Drone x4  
  40  3:13  Drone  
  40  3:16  Overlord  
  41  3:25  Zergling x6  
  43  3:39  Overlord  
  42  3:42  Drone  
  42  3:43  Drone x4  
  45  3:49  Extractor  
  45  3:50  Extractor  
  45  3:51  Drone x2  
  45  3:52  Drone x4  
  45  3:53  Infestation Pit  
  47  4:02  Overlord  
  47  4:06  Drone x2  
  48  4:18  Queen  
  48  4:21  Spore Crawler x2  
  48  4:25  Drone x4  
  56  4:45  Extractor  
  55  4:47  Drone  
  55  4:49  Drone  
  55  4:50  Drone x3  
  63  5:05  Swarm Host  
  66  5:10  Hydralisk Den  
  68  5:17  Overlord x2  
  68  5:23  Overseer  
  68  5:31  Overlord  
  68  5:35  Lurker Den  
  67  5:41  Zergling x22  
  78  5:45  Overlord  
  77  6:03  Burrow  
  77  6:12  Hydralisk x5  
  77  6:17  Overlord  
  87  6:27  Overlord  
  87  6:32  Hydralisk x4  
  92  6:51  Hydralisk x3  
  92  6:52  Hydralisk x3  
  98  7:05  Zergling x14  
  105  7:11  Lurker x2  
  107  7:18  Zergling x2  
  107  7:20  Overlord  
  108  7:28  Overlord  
Show
View Real Time Build Order
Export as new Build Order

Wiraqucha Protoss 

Build Orders:  

Get SALT Encoding   

  12  0:02  Probe  
  13  0:16  Pylon  
  13  0:18  Probe  
  14  0:34  Probe (Chrono Boost)  
  15  0:38  Gateway  
  16  0:44  Probe (Chrono Boost)  
  16  0:47  Assimilator  
  16  0:51  Probe  
  17  1:03  Probe  
  18  1:10  Pylon  
  18  1:15  Probe (Chrono Boost)  
  19  1:25  Cybernetics Core, Probe (Chrono Boost)  
  20  1:32  Probe (Chrono Boost)  
  21  1:44  Probe (Chrono Boost)  
  22  1:51  Probe (Chrono Boost), Nexus  
  23  2:02  Adept (Chrono Boost)  
  23  2:05  Gateway  
  23  2:08  Warp Gate (Chrono Boost)  
  25  2:15  Probe  
  25  2:22  Adept (Chrono Boost)  
  28  2:30  Gateway  
  28  2:36  Probe  
  29  2:40  Pylon  
  29  3:10  Probe (Chrono Boost)  
  29  3:12  Probe (Chrono Boost)  
  31  3:13  Stargate, Assimilator  
  31  3:17  Assimilator  
  32  3:21  Probe (Chrono Boost)  
  32  3:23  Probe (Chrono Boost)  
  33  3:28  Probe (Chrono Boost)  
  33  3:30  Probe (Chrono Boost)  
  35  3:37  Probe  
  34  3:43  Probe (Chrono Boost)  
  35  3:50  Mothership Core (Chrono Boost)  
  34  3:58  Probe (Chrono Boost)  
  33  4:21  Zealot x2  
  36  4:24  Adept  
  36  4:29  Probe (Chrono Boost)  
  40  4:34  Probe (Chrono Boost)  
  41  4:39  Probe (Chrono Boost)  
  41  4:41  Nexus  
  41  4:43  Probe (Chrono Boost)  
  43  4:47  Probe (Chrono Boost), Assimilator  
  43  4:49  Pylon  
  43  4:51  Probe (Chrono Boost), Pylon  
  44  4:54  Probe (Chrono Boost)  
  44  4:58  Probe  
  44  4:59  Oracle (Chrono Boost)  
  49  5:07  Robotics Facility  
  49  5:08  Probe (Chrono Boost), Pylon  
  49  5:10  Probe (Chrono Boost)  
  49  5:12  Gateway  
  51  5:19  Forge  
  53  5:22  Probe (Chrono Boost)  
  53  5:25  Probe (Chrono Boost)  
  53  5:30  Probe (Chrono Boost), Oracle (Chrono Boost)  
  57  5:35  Probe  
  57  5:39  Probe  
  59  6:01  Observer (Chrono Boost)  
  59  6:03  Void Ray (Chrono Boost)  
  62  6:08  Photon Cannon  
  62  6:09  Gateway, Probe  
  63  6:22  Observer (Chrono Boost)  
  62  6:39  Zealot x2  
  66  6:43  Pylon  
  66  6:56  Nexus  
  52  7:15  Nexus  
  52  7:27  Nexus  
  52  7:31  Robotics Bay, Photon Cannon  
  52  7:34  Zealot x4  
Tags
 
Add a new tag
Caveats
  • Supply blocks, unpowered buildings, or Contaminate may cause inaccurate times.
  • Supply counts are checked every 10 seconds.